 Dungeon Crawl Stone Soup version 0.19.5 (webtiles) character file.

40 McKennaii the Skirmisher (level 3, -3/30 HPs)
             Began as a Demonspawn Abyssal Knight on Apr 27, 2017.
             Was a Follower of Lugonu.
             Killed by nerve-wracking pain
             ... invoked by an orc priest
              (10 damage)
             ... on level 3 of the Dungeon.
             The game lasted 00:02:48 (1736 turns).

McKennaii the Skirmisher (DsAK)                     Turns: 1736, Time: 00:02:49

Health: -3/30      AC: 13    Str: 12    XL:     3   Next: 30%
Magic:  4/4        EV:  3    Int: 13    God:    Lugonu [*.....]
Gold:   126        SH:  0    Dex: 13    Spells: 0 memorised, 2 levels left

rFire  . . .     SeeInvis .     a - +1 falchion
rCold  . . .     Gourm    .     h - +3 plate armour
rNeg   . . .     Faith    .     (no shield)
rPois  .         Spirit   .     (no helmet)
rElec  .         Reflect  .     (no cloak)
rCorr  .         Harm     .     (no gloves)
MR     .....                    (no boots)
Stlth  ..........               (no amulet)
                                (no ring)
                                (no ring)

@: no status effects
A: claws 1, talons 1
a: Depart the Abyss, Renounce Religion


You were on level 3 of the Dungeon.
You worshipped Lugonu.
Lugonu was aware of your devotion.
You were hungry.

You visited 1 branch of the dungeon, and saw 3 of its levels.
You visited the Abyss 1 time.

You collected 126 gold pieces.

Inventory:

Hand Weapons
 a - a +1 falchion (weapon)
Armour
 b - a +0 leather armour
 h - a +3 plate armour (worn)
Wands
 d - a wand of lightning (5/15)
Scrolls
 e - a scroll of remove curse {unknown}
 g - 4 scrolls of identify {unknown}
 i - a scroll of noise {unknown}
 m - a scroll of enchant armour {unknown}
Potions
 k - a potion of curing {unknown}
 l - a potion of cancellation {unknown}
Comestibles
 c - 3 bread rations
 f - a beef jerky
 j - a meat ration


   Skills:
 + Level 3.8 Fighting
 + Level 2.4 Long Blades
 + Level 1.9 Armour
 + Level 1.0 Dodging
 + Level 2.5 Invocations


You had 2 spell levels left.
You didn't know any spells.

Dungeon Overview and Level Annotations

Branches:
Dungeon (3/15)

Altars:
Xom


Innate Abilities, Weirdness & Mutations

You have sharp fingernails.
You have sharp toenails.


Message History

The orc priest hits you but does no damage.
The orc wizard hits you but does no damage.
You closely miss the orc wizard.
The orc wizard is heavily wounded.
The orc wizard hits you but does no damage.
The orc priest hits you.
* * * LOW HITPOINT WARNING * * *
The orc wizard hits you but does no damage.
Your plate armour prevents you from hitting the orc wizard.
Your kick misses the orc wizard.
The orc wizard is heavily wounded.
The orc wizard hits you but does no damage.
The orc priest hits you.
* * * LOW HITPOINT WARNING * * *
Your plate armour prevents you from hitting the orc wizard.
The orc wizard is heavily wounded.
The orc wizard hits you but does no damage.
The orc priest invokes the aid of Beogh against you.
Pain shoots through your body!
You die...

##.... .# ####..#.#
.# #.....#.# .####.
#.....#g# ###......
#?....#.# #.......#
#...o.#.# #.......#
#.....#.###.......#
#.....(((##@......#
#.o...#o# #.....
#.# ###### #.# #.#
#.# #.#


You could see an orc priest, an orc wizard, an orc and a hobgoblin.

Vanquished Creatures
  A shadow imp (Abyss:3)
  2 dart slugs
  A leopard gecko (D:1)
  An orc (D:3)
  A ball python (D:2)
  A giant cockroach (D:1)
  3 hobgoblins
  2 bats (D:1)
  8 frilled lizards (D:1)
  3 goblins
  9 rats
32 creatures vanquished.

Notes
Turn   | Place    | Note
-------+----------+-------------------------------------------
     0 | Abyss:1  | McKennaii the Demonspawn Abyssal Knight began the quest for the Orb.
     0 | Abyss:1  | Reached XP level 1. HP: 18/18 MP: 2/2
    69 | Abyss:3  | Found a corrupted altar of Lugonu.
    76 | Abyss:3  | Noticed an orb spider
   111 | Abyss:3  | Noticed a spatial vortex
   112 | D:1      | Escaped the Abyss
   117 | D:1      | Gained mutation: You have sharp toenails. [demonic ancestry]
   117 | D:1      | Reached XP level 2. HP: 12/24 MP: 1/3
   285 | D:1      | Reached * piety under Lugonu
   340 | D:1      | Reached skill level 1 in Dodging
  1006 | D:1      | Gained mutation: You have sharp fingernails. [demonic ancestry]
  1006 | D:1      | Reached XP level 3. HP: 29/29 MP: 4/4
  1280 | D:2      | Found a shimmering altar of Xom.
  1736 | D:3      | Killed from afar by an orc priest

Skill      XL: |  1  2 |
---------------+-------+-----
Long Blades    | 2 |  2.4
Dodging        | 1 |  1.0
Fighting       | |  3.8
Armour         | |  1.9
Invocations    | |  2.5

Action                   || total
-------------------------++-------
Melee: Falchion          ||    91
       Kick              ||    14
Invok: Depart the Abyss  ||     1
  Eat: Chunk             ||     2
Armor: Leather armour    ||    24
       Plate armour      ||    38
Dodge: Dodged            ||    39
       Rpst.: Falchion   ||    11
